 Dungeon Crawl Stone Soup version 0.29.1-2-gbd0b4ee654 (webtiles) character file.

Game seed: 6641426361996067362

380 croobank the Conjurer (level 6, -2/44 HPs)
             Began as a Demonspawn Conjurer on Nov 1, 2022.
             Slain by an orc
             ... wielding a +0 trident
              (4 damage)
             ... on level 4 of the Dungeon.
             The game lasted 00:14:41 (3543 turns).

croobank the Conjurer (Demonspawn Conjurer)         Turns: 3543, Time: 00:14:41

Health: -2/44      AC:  6    Str:  8    XL:     6   Next: 46%
Magic:  11/11      EV: 12    Int: 21    God:
Gold:   114        SH:  0    Dex: 11    Spells: 8/11 levels left

rFire   . . .      SeeInvis .   c - +0 flail (vamp)
rCold   . . .      Faith    .   (no shield)
rNeg    . . .      Spirit   .   p - +1 ring mail
rPois   +          Reflect  .   f - +0 hat
rElec   .          Harm     .   (no cloak)
rCorr   .          Rampage  .   (no gloves)
Will    .....                   (no boots)
Stlth   ++........              d - amulet of magic regeneration
HPRegen 0.14/turn               t - ring of poison resistance
MPRegen 0.52/turn               (no ring)

@: about to teleport
A: powered by death 1, sturdy frame 3
a: no special abilities


You were on level 4 of the Dungeon.
You visited 1 branch of the dungeon, and saw 6 of its levels.

You collected 170 gold pieces.
You spent 56 gold pieces at shops.

Inventory:

Hand Weapons
 c - a +0 vampiric flail (weapon)
 e - a +0 dagger
 g - a +0 short sword
 u - a +0 war axe
Missiles
 k - 3 throwing nets
 v - 6 poisoned darts
Armour
 a - a +0 robe
 f - a +0 hat (worn)
 p - a +1 ring mail (worn)
Jewellery
 d - an amulet of magic regeneration (around neck)
 o - an amulet of regeneration
 t - a ring of poison resistance (left hand)
Scrolls
 s - a scroll of amnesia {unknown}
Potions
 b - a potion of might
 h - 3 potions of brilliance
 i - a potion of heal wounds
 j - 2 potions of mutation
 l - a potion of cancellation
 m - a potion of flight
 n - a potion of haste
 r - a potion of lignification


   Skills:
 * Level 2.0 Fighting
 + Level 3.3 Dodging
 + Level 3.4 Stealth
 + Level 3.3 Spellcasting
 + Level 5.0 Conjurations


You had 8 spell levels left.
You knew the following spells:

 Your Spells              Type           Power      Damage    Failure   Level
a - Magic Dart            Conj           96%        1d7       1%          1
b - Searing Ray           Conj           48%        2d6       2%          2

Your spell library contained the following spells:

 Spells                   Type           Power      Damage    Failure   Level
 Slow                     Hex            12%        N/A       13%         1
 Dazzling Flash           Conj/Hex       28%        N/A       14%         3
 Confusing Touch          Hex            3%         N/A       36%         3
 Portal Projectile        Hex/Tloc       6%         N/A       36%         3
 Tukima's Dance           Hex            3%         N/A       36%         3
 Vampiric Draining        Necr           3%         2d6       36%         3
 Fulminant Prism          Conj/Hex       7%         3d7       41%         4
 Iskenderun's Mystic Bla  Conj/Tloc      14%        2d5       41%         4
 Blade Hands              Tmut           1%         N/A       98%         5
 Dispersal                Tloc           1%         N/A       100%        6
 Disjunction              Tloc           1%         N/A       100%        8


Dungeon Overview and Level Annotations

Branches:
Dungeon (6/15)
 Temple: D:4-7

Altars:
Qazlal
Wu Jian
Xom

Shops:
D:3 ?

Annotations:
D:4 Robin


Innate Abilities, Weirdness & Mutations

You regenerate a little health from kills.
Your movements are significantly less encumbered by armour. (ER -6)


Message History

Robin says, "My army is invincible!"
Robin roars a battlecry!
The goblins go into a battle-frenzy!
The orc priest calls down the wrath of Beogh upon you.
Beogh smites you! The hound bites you.
You hear a shout!
Found a stone staircase leading down.
The goblin shoots a sling bullet.
The sling bullet hits you but does no damage.
The hound bites you but does no damage.
The orc throws a boomerang.
The boomerang closely misses you.
An orc wizard comes into view. It is wielding a +0 dagger.
The orc hits you but does no damage.
The goblin shoots a sling bullet.
The sling bullet barely misses you.
The sling bullet misses the hound.
You hear a shout!
The goblin shoots a sling bullet.
The sling bullet hits you.
The orc hits you from afar with a +0 trident.
The hound bites you but does no damage. The hound attacks as you move away!
The hound barely misses you.
Found a stone staircase leading down.
Robin throws the goblin at you!
The orc wizard mumbles some strange words.
The orc wizard flickers and vanishes!
Deactivating autopickup; reactivate with Ctrl-A.
The goblin hits you but does no damage.
The goblin shoots a sling bullet.
The sling bullet hits you.
You hit the goblin but do no damage. The hound bites you.
Robin throws the goblin at you! The goblin barely misses you.
The orc priest mumbles some strange prayers to Beogh against you.
Beogh smites you!
* * * LOW HITPOINT WARNING * * *
The orc barely misses you. The goblin hits you but does no damage.
The hound pauses to sniff the ground.
The hound misses you.
The goblin shoots a sling bullet.
The sling bullet barely misses you.
You hear a shout!
You hear a bark!
As you read the scroll of teleportation, it crumbles to dust.
You feel strangely unstable. The hound barely misses you.
The orc completely misses you. The goblin hits you with a +0 dagger.
* * * LOW HITPOINT WARNING * * *
The orc hits you from afar with a +0 trident.
You die...

.####(##.....####
......###........
...........#.....
...)...#..######.
######..g#
#(...#g# #....#.#
#...o#.#####.
#...h@g.....>
#..o##g#####.
#.).# .# ..s..#
.# ...o...# ##
.>.......
...o.....#
.........#
..........#


You could see a scorpion, a hound, an orc priest, 2 orcs and 4 goblins.

Vanquished Creatures
  A black bear (D:4)
  A scorpion (D:4)
  An orc priest (D:3)
  4 gnolls (D:5)
  8 adders
  2 worms (D:2)
  A dart slug (D:1)
  8 orcs
  5 endoplasms
  6 goblins
  8 hobgoblins
  4 quokkas
  2 ball pythons
  A bat (D:1)
  5 frilled lizards
  10 kobolds
  7 rats
74 creatures vanquished.

Vanquished Creatures (others)
  An endoplasm (D:1)
  A frilled lizard (D:1)
  18 plants (D:5)
20 creatures vanquished.

Grand Total: 94 creatures vanquished

Notes
Turn   | Place    | Note
-------+----------+-------------------------------------------
     0 | D:1      | croobank the Demonspawn Conjurer began the quest for the
                  | Orb.
     0 | D:1      | Reached XP level 1. HP: 13/13 MP: 3/3
   265 | D:1      | Gained mutation: Your movements are slightly less
                  | encumbered by armour. (ER -2) [demonic ancestry]
   265 | D:1      | Reached XP level 2. HP: 19/19 MP: 0/5
   268 | D:1      | Learned a level 2 spell: Searing Ray
  1216 | D:1      | Gained mutation: You regenerate a little health from kills.
                  | [demonic ancestry]
  1216 | D:1      | Reached XP level 3. HP: 24/24 MP: 3/6
  1876 | D:2      | Gained mutation: Your movements are less encumbered by
                  | armour. (ER -4) [demonic ancestry]
  1876 | D:2      | Reached XP level 4. HP: 30/30 MP: 3/7
  2440 | D:3      | Found Qiahaohi's Magic Scroll Emporium.
  2450 | D:3      | Bought a scroll of identify for 28 gold pieces
  2450 | D:3      | Bought a scroll of identify for 28 gold pieces
  2463 | D:3      | Gained mutation: Your movements are significantly less
                  | encumbered by armour. (ER -6) [demonic ancestry]
  2463 | D:3      | Reached XP level 5. HP: 16/35 MP: 6/9
  2700 | D:3      | Found a shimmering altar of Xom.
  2943 | D:3      | Found an ornate altar of the Wu Jian Council.
  3003 | D:3      | You fall into a shaft and drop 3 floors!
  3032 | D:6      | Noticed a black bear
  3046 | D:6      | Found a stormy altar of Qazlal.
  3076 | D:5      | Entered Level 5 of the Dungeon
  3304 | D:4      | Reached skill level 1 in Fighting
  3304 | D:4      | Reached XP level 6. HP: 36/43 MP: 6/10
  3369 | D:4      | Reached skill level 5 in Conjurations
  3522 | D:4      | Noticed Robin
  3543 | D:4      | HP: 2/44 [goblin/+0 dagger[Robin] (3)]
  3543 | D:4      | Slain by an orc

Illustrated notes

Levels and vault maps discovered:
D:1:      scummos_arrival_star, layout_loops_ring, minivault_25,
          lemuel_flame_loot_1
D:2:      layout_basic
D:3:      layout_basic, elyvilon_altar_3, nicolae_wu_jian_wuxing_cycle,
          mainiacjoe_overflow_boulevard, ebering_ecumenical_altar_hall,
          serial_shops, nicolae_lakefront_shop, grunt_decor_junction,
          uniq_crazy_yiuf_cottage, uniq_terence
D:4:      minmay_chambers_of_fours, layout_rooms, uniq_robin
D:5:      wad_woods_tower, layout_basic
D:6:      layout_loops_cross, nicolae_dithmenos_the_darkroom,
          mainiacjoe_overflow_24_doors, nicolae_qazlal_scattered_showers,
          uniq_blork_the_orc

Skill      XL: |  1  2  3  4  5  6 |
---------------+-------------------+-----
Stealth        | 2 3 |  3.4
Dodging        | 2 3 |  3.3
Spellcasting   | 3 |  3.3
Fighting       | 1 2 |  2.0
Conjurations   | 5 |  5.0

Action                   |  1- 3 |  4- 6 || total
-------------------------+-------+-------++-------
Melee: Flail             |    30 |    33 ||    63
 Cast: Magic Dart        |    50 |    38 ||    88
       Searing Ray       |     7 |    18 ||    25
  Use: Potion            |     1 |     1 ||     2
       Scroll            |     4 |    13 ||    17
 Stab: Sleeping          |     3 |     3 ||     6
Armor: Robe              |     3 |       ||     3
       Ring mail         |       |    40 ||    40
Dodge: Dodged            |    23 |    64 ||    87
